Punk, chaotic male elven Priest ---------- --------- |........| ##........| |........-# -----------# # |.......| |....`...|# |..........##### |..<.....# ------%---### |.........|# |.......| # # |>........|### +....{..| ### ### |.........| --.------ # # # |.........| # ##### ##...........##### # --.-.-- ----------- # ## |.....| # -.------ |......####### |......| |.....| |.....@| ------- |...f..f# |......| -------- Punk the Adept Experience level: 8 Strength: 17 Dexterity: 13 Constitution: 13 Intelligence: 11 Wisdom: 19 Charisma: 9 Health: 0(55) Energy: 113(113) Def: 13 Gold: 0 Moves: 7139 Dungeon seed: KyRPpetEThnAQumh Game ID: Punk_1614113677 Your Inventory: Weapons a - a blessed greased corroded +2 mace w - 7 +0 arrows C - 9 +0 elven arrows (in quiver) K - a +0 orcish bow (alternate weapon; not wielded) Armor e - a +2 robe (being worn) j - a -1 gray dragon scale mail (being worn) q - a +0 pair of elven boots (being worn) Comestibles c - a clove of garlic d - a sprig of wolfsbane Rings P - a ring of slow digestion Wands i - a wand of fire (0:0) Tools f - a +0 unicorn horn (weapon in hands) l - a bag of holding X - a lock pick Contents of the bag of holding: 1923 gold pieces 8 +0 arrows a +0 crossbow 9 +0 crossbow bolts a +0 dagger a +0 dagger a +0 dart 21 +0 darts a poisoned +0 dart 7 +2 silver arrows a +0 dwarvish cloak a +1 leather armor a +0 orcish cloak a +0 pair of high boots a +0 pair of high boots a +0 small shield an apple 9 food rations 2 lembas wafers a lizard corpse 4 tins of spinach a scroll of blank paper a cursed scroll of confuse monster a scroll of destroy armor 2 cursed scrolls of earth a blessed scroll of light a scroll of remove curse a scroll of scare monster a cursed scroll of teleportation a spellbook of cure blindness a spellbook of force bolt a spellbook of magic mapping a spellbook of protection a potion of booze 2 potions of fruit juice 2 potions of gain level a potion of holy water a potion of invisibility a potion of levitation a potion of monster detection a potion of paralysis a potion of water a ring of shock resistance a wand of cold (0:6) a wand of digging (0:5) a wand of lightning (0:3) a wand of secret door detection (0:12) a wand of wishing (0:0) a brass lantern (0:1187) a can of grease (0:22) a leash a blessed wax candle (0:400) a jade stone a jasper stone a worthless piece of yellow glass Spells and supernatural/magical abilities: Name Level Category Fail Memory p - protection 1 clerical 0% 65% B - cure blindness 2 healing 0% 65% W - pray for help -- divine ? -- X - turn undead -- divine ? -- Your skills at the end: Fighting Skills Weapon Skills mace [Basic] Spellcasting Skills clerical spells [Basic] Final Attributes: You were piously aligned. You were sleep resistant. You were magic-protected. You had infravision. You were stealthy. You are dead. Vanquished creatures: 2 small mimics a glass piercer a tengu a carnivorous ape a giant beetle a quivering blob a cockatrice a scorpion a gnome king a dwarf mummy an owlbear a yeti a lizard 2 housecats a dwarf lord a white unicorn a plains centaur 4 human zombies 8 Uruk-hai 2 rock piercers a fog cloud a shrieker a gnomish wizard a golden naga hatchling a gray ooze 6 elf zombies a straw golem a paper golem a baby crocodile 5 giant ants a dwarf 2 kobold lords 2 kobold shamans 3 rothes a rabid rat a giant bat 2 monkeys 2 dwarf zombies 3 iguanas 14 killer bees 2 acid blobs 2 hobbits 2 large kobolds 3 giant rats 11 cave spiders 3 yellow molds 3 green molds a red mold a gnome 19 garter snakes 3 geckos 11 jackals 2 foxes 2 kobolds 4 goblins a sewer rat 4 grid bugs 2 lichens 9 newts 168 creatures vanquished. Voluntary challenges: You used a wielded weapon 296 times, starting on turn 55. You read items or engraved 20 times, starting on turn 1166. You never genocided any monsters. You never polymorphed an object. You never changed form. You used 3 wishes, starting on turn 4178. You did not wish for any artifacts. You never split a pudding. You wrote Elbereth's name 2 times, starting on turn 4179. You never violated your personal moral code. Dungeon overview: The Dungeons of Doom: levels 1 to 12 Level 1 a fountain a long staircase Level 2 an altar to Anhur Level 3 a general store stairs to The Gnomish Mines Level 4 a scroll shop, an altar to Thoth Level 5 Level 6 some fountains Level 7 some fountains Level 8 many fountains Level 9 stairs to Sokoban Level 10 Level 11 (altar level) an altar to Anhur, a sink Level 12 <- You were here a fountain The Gnomish Mines: Level 4 stairs to The Dungeons of Doom Sokoban: levels 7 to 8 Level 7 Level 8 stairs to The Dungeons of Doom History has recorded: On T:1 you entered the Dungeons of Doom to retrieve the Amulet of Yendor! On T:305 you reached level 2 of The Dungeons of Doom. On T:389 you advanced to experience level 2. On T:712 you advanced to experience level 3. On T:897 you reached level 3 of The Dungeons of Doom. On T:1245 you reached level 1 of The Gnomish Mines. On T:1356 you reached level 4 of The Dungeons of Doom. On T:1509 you advanced to experience level 4. On T:1786 you reached level 5 of The Dungeons of Doom. On T:2106 you reached level 6 of The Dungeons of Doom. On T:2148 you advanced to experience level 5. On T:2663 you reached level 7 of The Dungeons of Doom. On T:3365 you advanced to experience level 6. On T:3966 you advanced to experience level 7. On T:3989 you reached level 8 of The Dungeons of Doom. On T:4178 you wished for "wand of fire". On T:4181 you wished for "gray dragon scale mail". On T:4378 you wished for "bag of holding". On T:4679 you reached level 9 of The Dungeons of Doom. On T:5050 you reached level 4 of Sokoban. On T:5420 you advanced to experience level 8. On T:5757 you reached level 3 of Sokoban. On T:6007 you reached level 10 of The Dungeons of Doom. On T:6305 you reached level 11 of The Dungeons of Doom. On T:6683 you reached level 12 of The Dungeons of Doom. Score breakdown: Gold: 1923 (11171 points) Experience: 8 levels (14739 points) Exploration: 12 levels ( 25.53%) (14670 points) Discoveries: 24 items ( 8.39%) ( 8690 points) Valuables value: (no points given unless you survive) Artifact value: 0 ( 0 points) Variety of kills: 59 monsters ( 15.49%) (11805 points) Turncount: 7139 turns (-1880 points) Survival: died (score multiplied by 80%) Total score: 47356 Latest messages: You take off your ring of slow digestion. You miss the tiger. The tiger hits! The tiger just misses! The tiger bites! You miss the tiger. The tiger hits! (2x) The tiger bites! You hit the tiger! The tiger hits! (2x) The tiger bites! You hit the tiger! The tiger hits! (2x) The tiger bites! i - a wand of fire. You feel an absence of magical power. The tiger misses. The tiger hits! The tiger bites! You die... Final status: Goodbye Punk the Priest, killed by a tiger... You died in The Dungeons of Doom on dungeon level 12 with 47356 points, and 1923 pieces of gold, after 7139 moves. You were level 8 with a maximum of 55 hit points when you died.